 Dungeon Crawl Stone Soup version 0.20-a0-1114-g33edf32 (webtiles) character file.

47364 kuniqs the Thaumaturge (level 14, -2/94 HPs)
             Began as a Gnoll Earth Elementalist on May 7, 2017.
             Was the Champion of Hepliaklqana.
             Slain by a salamander
             ... wielding a +0 quick blade of flaming
              (10 damage)
             ... in a volcano.
             The game lasted 00:48:24 (18112 turns).

kuniqs the Thaumaturge (Gnoll Earth Elementalist)  Turns: 18112, Time: 00:48:25

Health: -2/94      AC: 10    Str:  7    XL:     14   Next: 41%
Magic:  9/37       EV: 17    Int: 23    God:    Hepliaklqana [******]
Gold:   702        SH:  5    Dex: 14    Spells: 7/33 levels left

rFire    . . .     SeeInvis +   L - +2 demon whip (flame)
rCold    . . .     Gourm    .   z - +0 buckler
rNeg     . . .     Faith    .   S - +0 robe {Archmagi}
rPois    .         Spirit   .   k - +3 crown of Dyrovepreva {rElec Int+2 SInv}
rElec    +         Reflect  .   I - +0 cloak
rCorr    .         Harm     .   i - +0 pair of gloves
MR       .....                  K - +1 pair of boots
Stlth    +++++.....             G - amulet of magic regeneration
Regen    0.3/turn               D - ring of stealth
MPRegen  0.4/turn               J - ring of magical power

@: no status effects
A: short attention span, reduced essence, fangs 1, strong nose
a: Recall Ancestor, Ancestor Identity, Transference, Idealise, Renounce Religion


You were in a volcano.
You worshipped Hepliaklqana.
Hepliaklqana was exalted by your worship.
You were very hungry.

You visited 3 branches of the dungeon, and saw 22 of its levels.
You also visited: Volcano.

You collected 1157 gold pieces.
You spent 455 gold pieces at shops.

Inventory:

Hand Weapons
 L - a +2 demon whip of flaming (weapon)
Missiles
 b - 470 stones (quivered)
Armour
 i - a +0 pair of gloves (worn)
 k - the +3 crown of Dyrovepreva (worn) {rElec Int+2 SInv}
   (You bought it in a shop on level 9 of the Dungeon)

   It affects your intelligence (+2).
   It insulates you from electricity.
   It lets you see invisible.
 z - a +0 buckler (worn)
 I - a +0 cloak (worn)
 K - a +1 pair of boots (worn)
 S - a +0 robe of the Archmagi (worn)
Jewellery
 D - a ring of stealth (left hand)
 G - an amulet of magic regeneration (around neck)
 J - a ring of magical power (right hand)
Wands
 N - a wand of clouds (4/9)
 P - a wand of confusion (39/48)
 T - a wand of paralysis (14/24)
Scrolls
 a - 6 scrolls of identify {@r1}
 c - a scroll of enchant weapon
 g - 10 scrolls of remove curse {@r2}
 h - a scroll of fog
 l - 7 scrolls of teleportation
 s - 3 scrolls of amnesia
 t - a scroll of enchant armour
 y - a scroll of silence
 C - a scroll of recharging
 E - 6 scrolls of fear
 U - a scroll of magic mapping
Potions
 n - a potion of ambrosia
 p - 2 potions of might
 q - 2 potions of brilliance
 r - 2 potions of agility
 u - 4 potions of heal wounds
 v - a potion of cancellation
 w - 7 potions of curing {@q1}
 x - 5 potions of lignification
 A - a potion of magic
 F - 2 potions of mutation
 M - 2 potions of berserk rage
 O - 2 potions of resistance
 Q - 2 potions of haste
 R - 4 potions of flight
Books
 j - a book of Death

   Spells                             Type                      Level
   a - Corpse Rot                     Necromancy                   2
   b - Sublimation of Blood           Necromancy                   2
   c - Agony                          Necromancy                   5
   d - Dispel Undead                  Necromancy                   5
   e - Excruciating Wounds            Charms/Necromancy            5
   f - Bolt of Draining               Conjuration/Necromancy       5
 o - a book of Geomancy

   Spells                             Type                      Level
   a - Sandblast                      Earth                        1
   b - Passwall                       Transmutation/Earth          2
   c - Stone Arrow                    Conjuration/Earth            3
   d - Petrify                        Transmutation/Earth          4
   e - Lee's Rapid Deconstruction     Earth                        5
 B - a book of Cantrips

   Spells                             Type                      Level
   a - Confusing Touch                Hexes                        1
   b - Animate Skeleton               Necromancy                   1
   c - Summon Small Mammal            Summoning                    1
   d - Apportation                    Translocation                1
 H - a book of Summonings

   Spells                             Type                      Level
   a - Recall                         Summoning/Translocation      3
   b - Aura of Abjuration             Summoning                    5
   c - Summon Demon                   Summoning                    5
   d - Summon Forest                  Summoning/Translocation      5
   e - Summon Mana Viper              Hexes/Summoning              5
   f - Shadow Creatures               Summoning                    6
Comestibles
 d - 13 bread rations
 e - 8 meat rations
 f - 6 fruits
 m - 17 royal jellies


   Skills:
 - Level 8.0 Fighting
   Level 6.0 Short Blades
 + Level 9.0 Maces & Flails
 - Level 8.0 Armour
 - Level 8.4 Dodging
 - Level 8.4 Stealth
 - Level 4.1 Shields
 - Level 4.3 Unarmed Combat
 - Level 10.1 Spellcasting
 - Level 10.0 Conjurations
 + Level 7.4 Summonings
 + Level 1.9 Necromancy
 + Level 10.0 Transmutations
 - Level 10.0 Earth Magic
 + Level 6.8 Evocations


You had 7 spell levels left.
You knew the following spells:

 Your Spells              Type           Power        Failure   Level  Hunger
a - Sandblast             Erth           ######       1%          1    None
b - Stone Arrow           Conj/Erth      ######       1%          3    None
c - Lee's Rapid Deconstr  Erth           ######....   2%          5    ####...
d - Petrify               Tmut/Erth      ######..     1%          4    #......
e - Mephitic Cloud        Conj/Pois/Air  #####...     4%          3    None
f - Summon Demon          Summ           ######....   8%          5    ####...
g - Bolt of Draining      Conj/Necr      ######....   13%         5    ####...


Dungeon Overview and Level Annotations

Branches:
Dungeon (15/15)            Temple (1/1) D:5            Lair (6/6) D:10
  Swamp (0/4) Lair:3       Spider (0/4) Lair:2          Orc (0/2) D:9
  Slime: Lair:5-6    Vaults: D:13-14     Depths: D:15

Altars:
Ashenzari
Cheibriados
Dithmenos
Elyvilon
Fedhas
Gozag
Hepliaklqana
Kikubaaqudgha
Makhleb
Nemelex Xobeh
Okawaru
Qazlal
Ru
Sif Muna
Trog
Uskayaw
Vehumet
Wu Jian
Xom
Yredelemnul
Zin
The Shining One
Lugonu

Shops:
D:9 [(   D:13 :}[

Annotations:
Lair:5 exclusion: 2 oklob plants


Innate Abilities, Weirdness & Mutations

You have a short attention span.
You have very sharp teeth.
Your uncanny sense of smell can sniff out nearby items.
Your life essence is reduced. (-10% HP)


Message History

You feel strangely unstable.
The hell knight shouts!
The salamander closely misses you.
The hell knight mumbles some strange words.
The hell knight seems to speed up.
The salamander hits you with a quick blade of flaming.
You are engulfed in flames!
The salamander burns you. You block the hell knight's attack.
Your surroundings seem slightly different.
The hell knight gestures at you while chanting.
Pain shoots through your body!
* * * LOW HITPOINT WARNING * * *
The hell knight hits you with a broad axe of flaming!
* * * LOW HITPOINT WARNING * * *
The hell knight burns you.
* * * LOW HITPOINT WARNING * * *
The salamander hits you with a quick blade of flaming.
* * * LOW HITPOINT WARNING * * *
You are engulfed in flames!
You die...

### ####≈####
#≈≈≈≈≈≈≈## #
≈§≈≈≈≈≈≈ ## #≈
§§≈≈≈§§ #≈≈ ≈
#######
≈≈§≈###..!.$#
§§≈##.#.p...#.##
≈§≈#..'@N...'..#§
≈§##..'§._..'..##
#...#.....#...#
≈≈#...#######...#≈
≈§#.. '$!.!!'...#≈
§§#...#..≈..#...#≈
≈≈#...#8≈≈≈8#...#
≈§##..'..≈..'..#
'.....'.


You could see a hell knight and a salamander (berserk).

Vanquished Creatures
  A hydra (Lair:4)
  A centaur warrior (D:13)
  2 two-headed ogres
  2 death yaks
  Sonja (Lair:1)
  A salamander mystic (Volcano)
  An ugly thing (D:11)
  A deep elf mage (D:12)
  4 salamanders (Volcano)
  A black mamba (Lair:5)
  2 centaur zombies
  A molten gargoyle (Lair:4)
  7 spiny frogs
  A kobold demonologist (D:12)
  2 komodo dragons
  A harpy zombie (D:13)
  2 trolls
  3 blink frogs
  4 dream sheep (Lair:2)
  4 hippogriffs
  Sigmund (D:2)
  8 yaks
  4 wraiths
  2 wyverns
  A basilisk (Lair:5)
  2 vampire mosquitoes (D:12)
  A steam dragon (D:7)
  6 water moccasins
  8 porcupines
  3 phantoms
  5 orc warriors
  2 sky beasts
  A slave (D:7)
  16 centaurs
  2 wolves (D:10)
  5 crocodiles
  3 big kobolds (D:9)
  6 bullfrogs
  19 killer bees
  7 wights
  5 electric eels
  4 crimson imps
  4 lava snakes (Lair:4)
  7 orc priests
  2 bullfrog skeletons
  5 hounds
  2 iguanas (D:6)
  9 orc wizards
  8 worker ants
  2 worker ant zombies (D:6)
  11 adders
  2 gnolls (D:6)
  3 shadow imps
  2 oozes
  An adder skeleton (D:6)
  3 worms
  2 dart slugs
  4 leopard geckos
  28 orcs
  A ball python (D:4)
  8 bats
  7 giant cockroaches
  7 hobgoblins
  4 jackals
  8 kobolds
  3 quokkas
  4 frilled lizards
  10 goblins
  A quokka zombie (D:5)
  9 rats
  A plant (Lair:4)
311 creatures vanquished.

Vanquished Creatures (collateral kills)
  Josephine (Lair:4)
  A hydra (D:11)
  A catoblepas (Lair:3)
  A two-headed ogre (D:11)
  2 death yaks (Lair:5)
  An unseen horror (D:12)
  Pikel (D:7)
  2 oklob plants (Lair:4)
  An ugly thing (D:11)
  2 cyclopes (D:11)
  An elephant (Lair:5)
  A black mamba (Lair:5)
  A molten gargoyle (Lair:4)
  A gargoyle (D:11)
  5 spiny frogs
  7 komodo dragons
  A kobold demonologist (D:9)
  2 trolls
  A hornet (D:13)
  A merfolk (D:10)
  A queen bee (Lair:2)
  3 blink frogs
  2 dream sheep (Lair:2)
  5 hippogriffs
  2 wraiths (Lair:4)
  8 yaks
  4 hogs
  2 basilisks (Lair:3)
  2 vampire mosquitoes
  2 hungry ghosts
  Edmund (D:5)
  3 water moccasins
  2 porcupines
  3 slaves (D:7)
  An ice beast (D:5)
  4 phantoms
  3 orc warriors
  2 necrophages
  2 eyes of draining
  An ogre (D:12)
  A wolf (D:10)
  A centaur (D:8)
  7 crocodiles
  10 big kobolds
  3 bullfrogs
  A water moccasin zombie (D:8)
  3 scorpions
  11 killer bees (Lair:2)
  2 wights (D:11)
  2 electric eels (D:10)
  A howler monkey (D:8)
  A crimson imp (D:11)
  A quasit (D:11)
  A lava snake (Lair:4)
  A centaur zombie (D:7)
  5 hounds
  4 orc priests
  3 centaur skeletons
  A gnoll shaman (D:8)
  2 iguanas
  8 orc wizards
  5 worker ants
  A killer bee zombie (D:7)
  A hound zombie (D:8)
  2 howler monkey zombies
  4 gnolls
  6 adders
  An adder zombie (D:6)
  A leopard gecko (D:9)
  25 orcs
  4 jackals (D:4)
  34 kobolds
  A frilled lizard (D:4)
  A leopard gecko skeleton (D:5)
  A fungus (Lair:6)
  A plant (Lair:2)
244 creatures vanquished.

Vanquished Creatures (others)
  Kirke (D:14)
  A human (D:13)
  A jelly (D:13)
  An iguana (D:13)
  18 battlemagi
  An ancestor (D:6)
  An orc (D:12)
  A kobold (D:12)
  A plant (Lair:2)
26 creatures vanquished.

Grand Total: 581 creatures vanquished

Notes
Turn   | Place    | Note
-------+----------+-------------------------------------------
     0 | D:1      | kuniqs the Gnoll Earth Elementalist began the quest for the Orb.
     0 | D:1      | Reached XP level 1. HP: 13/13 MP: 5/5
    62 | D:1      | Reached skill level 5 in Earth Magic
   117 | D:1      | Reached skill level 1 in Fighting
   117 | D:1      | Reached XP level 2. HP: 21/21 MP: 6/6
   299 | D:1      | Reached XP level 3. HP: 21/26 MP: 2/8
   542 | D:1      | Learned a level 3 spell: Stone Arrow
   990 | D:2      | Reached skill level 1 in Unarmed Combat
  1016 | D:2      | Reached XP level 4. HP: 33/33 MP: 10/10
  1043 | D:2      | Noticed Sigmund
  1274 | D:2      | Killed Sigmund
  1274 | D:2      | Reached skill level 5 in Dodging
  1274 | D:2      | Reached XP level 5. HP: 41/41 MP: 6/12
  1274 | D:2      | Reached XP level 6. HP: 47/47 MP: 6/13
  1407 | D:2      | Reached skill level 5 in Spellcasting
  1883 | D:3      | Found a hazy altar of Hepliaklqana.
  1893 | D:3      | Became a worshipper of Hepliaklqana the Forgotten
  2094 | D:3      | Learned a level 5 spell: Lee's Rapid Deconstruction
  2099 | D:3      | Learned a level 4 spell: Petrify
  2458 | D:4      | Reached skill level 5 in Stealth
  2458 | D:4      | Reached XP level 7. HP: 46/46 MP: 15/15
  2559 | D:4      | Found a radiant altar of Vehumet.
  2560 | D:4      | Found a deep blue altar of Sif Muna.
  2560 | D:4      | Found an ancient bone altar of Kikubaaqudgha.
  2566 | D:4      | Identified Kikubaaqudgha's Incunabulum of Evil
  3205 | D:5      | Entered Level 5 of the Dungeon
  3508 | D:5      | Reached * piety under Hepliaklqana
  3619 | D:5      | Found an opulent altar of Gozag.
  3646 | D:5      | Found a staircase to the Ecumenical Temple.
  3653 | Temple   | Entered the Ecumenical Temple
  3709 | D:5      | Reached skill level 1 in Short Blades
  3709 | D:5      | Reached XP level 8. HP: 54/54 MP: 7/17
  3881 | D:5      | Reached skill level 5 in Conjurations
  3891 | D:5      | Reached skill level 5 in Fighting
  3989 | D:5      | Found an iron altar of Okawaru.
  3990 | D:5      | Noticed Edmund
  3994 | D:5      | Found a stormy altar of Qazlal.
  3996 | D:5      | Killed Edmund
  4000 | D:5      | Found a blossoming altar of Fedhas.
  4000 | D:5      | Found a shadowy altar of Dithmenos.
  4000 | D:5      | Found a glowing golden altar of the Shining One.
  4008 | D:5      | Found a snail-covered altar of Cheibriados.
  4016 | D:5      | Found a sparkling altar of Nemelex Xobeh.
  4017 | D:5      | Found an ornate altar of the Wu Jian Council.
  4018 | D:5      | Found a basalt altar of Yredelemnul.
  4019 | D:5      | Found a shattered altar of Ashenzari.
  4176 | D:5      | Found a stormy altar of Qazlal.
  4443 | D:6      | Reached XP level 9. HP: 41/62 MP: 11/19
  5172 | D:7      | Reached ** piety under Hepliaklqana
  5173 | D:7      | Remembered your ancestor Xiloxoch as a battlemage
  5330 | D:7      | Noticed Pikel
  5457 | D:7      | Reached skill level 5 in Short Blades
  5585 | D:7      | Killed Pikel
  6075 | D:8      | Found a glowing silver altar of Zin.
  6084 | D:8      | Reached XP level 10. HP: 71/71 MP: 21/21
  6665 | D:8      | Reached skill level 5 in Transmutations
  6992 | D:9      | Found Ivaonugo's Armour Boutique.
  6992 | D:9      | Found a staircase to the Orcish Mines.
  7006 | D:9      | Found Iplaeb's Weapon Boutique.
  7314 | D:9      | Reached *** piety under Hepliaklqana
  7463 | D:9      | Noticed a kobold demonologist
  7494 | D:9      | Killed a kobold demonologist
  7976 | D:10     | Entered Level 10 of the Dungeon
  8002 | D:10     | Reached XP level 11. HP: 77/77 MP: 23/23
  8505 | D:10     | Reached skill level 1 in Armour
  8561 | D:10     | Found a staircase to the Lair.
  8873 | D:10     | Noticed a wizard
  8935 | D:11     | Noticed a purple ugly thing
  8945 | D:11     | Killed a purple ugly thing
  8998 | D:11     | Noticed a five-headed hydra
  9003 | D:11     | Killed a five-headed hydra
  9279 | D:11     | Reached **** piety under Hepliaklqana
  9349 | D:11     | Noticed a white ugly thing
  9365 | D:11     | Killed a white ugly thing
  9791 | D:11     | Noticed a cyclops
  9791 | D:11     | Noticed a cyclops
  9806 | D:11     | Killed a cyclops
  9806 | D:11     | Reached skill level 1 in Maces & Flails
  9806 | D:11     | Reached skill level 5 in Armour
  9820 | D:11     | Killed a cyclops
  9973 | D:11     | Reached skill level 1 in Shields
 10382 | D:11     | Noticed a two-headed ogre
 10389 | D:11     | Killed a two-headed ogre
 10389 | D:11     | Reached XP level 12. HP: 82/82 MP: 25/25
 10519 | D:12     | Noticed a two-headed ogre
 10531 | D:12     | Killed a two-headed ogre
 11013 | D:12     | Reached skill level 5 in Maces & Flails
 11437 | D:13     | Found Huthohin's Book Shoppe.
 11586 | D:13     | Noticed a two-headed ogre
 11599 | D:13     | Killed a two-headed ogre
 11639 | D:13     | Found Jafetoet's Armour Boutique.
 11846 | D:13     | Noticed a centaur warrior
 11856 | D:13     | Killed a centaur warrior
 12018 | D:13     | Noticed Kirke
 12094 | D:14     | Killed Kirke
 12094 | D:14     | Reached XP level 13. HP: 70/88 MP: 26/26
 12216 | D:13     | Learned a level 3 spell: Mephitic Cloud
 12236 | D:13     | Reached ***** piety under Hepliaklqana
 12301 | D:13     | Found Celiw's Gadget Shop.
 12418 | D:15     | Entered Level 15 of the Dungeon
 12522 | Lair:1   | Entered Level 1 of the Lair of Beasts
 12558 | D:9      | Bought the +3 crown of Dyrovepreva {rElec Int+2 SInv} for 455 gold pieces
 12779 | Lair:1   | Noticed Sonja
 12787 | Lair:1   | Killed Sonja
 12913 | Lair:1   | Reached skill level 10 in Spellcasting
 13632 | Lair:2   | Found a hole to the Spider Nest.
 13705 | Lair:2   | Learned a level 5 spell: Summon Demon
 13931 | Lair:2   | Reached skill level 1 in Summonings
 13932 | Lair:2   | Reached skill level 10 in Earth Magic
 15074 | Lair:3   | Found a staircase to the Swamp.
 15113 | Lair:3   | Reached skill level 1 in Evocations
 15716 | Lair:4   | Noticed Josephine
 15812 | Lair:4   | Killed Josephine
 15812 | Lair:4   | Reached skill level 10 in Conjurations
 15873 | Lair:4   | Reached skill level 5 in Summonings
 15998 | Lair:4   | Reached ****** piety under Hepliaklqana
 16158 | Lair:4   | Reached XP level 14. HP: 94/94 MP: 28/28
 16199 | Lair:4   | Reached skill level 5 in Evocations
 17756 | Lair:6   | Entered Level 6 of the Lair of Beasts
 17823 | Lair:6   | Reached skill level 10 in Transmutations
 17891 | Lair:6   | Learned a level 5 spell: Bolt of Draining
 18021 | Lair:6   | Found a dark tunnel.
 18026 | Volcano  | Entered a volcano
 18066 | Volcano  | Reached skill level 1 in Necromancy
 18108 | Volcano  | Found a radiant altar of Vehumet.
 18112 | Volcano  | Slain by a salamander

Vault maps used:
D:1:      lemuel_arrival_rhombus, st_stairs_7
D:2:      first_bread, hex_medium, uniq_sigmund
D:3:      overflow_temple_1_default
D:4:      grunt_temple_overflow_magic_moments, serial_bayou_crossing
D:5:      minitemple, grunt_gozag_breadcrumbs, minmay_temple_entry_junction_2,
          grunt_qazlal_clouds, uniq_edmund
D:7:      uniq_pikel
D:8:      kennysheep_kobold_camp, lemuel_doored_altar
D:9:      orc_david_3
D:10:     minmay_smoke_and_mirrors, erik_lair_island, hangedman_fish_farm
D:13:     serial_shops, shop, shop, nicolae_shop_behind_doors, minivault_16,
          uniq_kirke
D:14:     cheibrodos_shockbox, david_vaults_5, moated_statue
D:15:     hangedman_depths_entry_try_elsewhere_first, ashenzari_altar_1
Temple:   corrupted_temple
Lair:1:   serial_bayou_shore_b, grunt_megastairs_3, uniq_sonja
Lair:2:   spider_nest_entry_web_field, special_room, infiniplex_staircase_pool_2
Lair:3:   minmay_swamp_entry_worms
Lair:4:   cheibrodos_magma_flow, minmay_lair_oklob_chamber, uniq_josephine
Lair:5:   minmay_slime_entry_oklob_enclosed, st_stairs_3, serial_bayou_pond_a,
          beast_lair_carwin_5
Lair:6:   grunt_lair_end_beastmaster, enter_volcano_4, roderic_batcave,
          minivault_24, grunt_megastairs_4, infiniplex_staircase_pool,
          lemuel_fruit_tree
Volcano:  kennysheep_volcano_temple

Skill      XL: |  1  2  3  4  5  6  7  8  9 10 11 12 13 14 |
---------------+-------------------------------------------+-----
Earth Magic    | 5 6 7 8 9 10 | 10.0
Fighting       | 1 3 4 6 7 8 |  8.0
Dodging        | 4 5 6 7 8 |  8.4
Spellcasting   | 4 5 6 7 8 9 10 | 10.1
Unarmed Combat | 1 3 4 |  4.3
Stealth        | 4 5 6 7 8 |  8.4
Conjurations   | 2 3 4 6 7 8 9 10 | 10.0
Short Blades   | 1 4 6 |  6.0
Transmutations | 4 6 8 9 10 | 10.0
Armour         | 5 7 8 |  8.0
Maces & Flails | 3 7 8 9 |  9.0
Shields        | 2 4 |  4.1
Summonings     | 5 7 |  7.4
Evocations     | 4 6 |  6.8
Necromancy     | 1 |  1.9

Action                   |  1- 3 |  4- 6 |  7- 9 | 10-12 | 13-15 || total
-------------------------+-------+-------+-------+-------+-------++-------
Melee: Dagger            |    61 |    87 |   229 |    97 |       ||   474
       Bite              |     1 |     7 |    24 |    23 |     6 ||    61
       Punch             |       |       |     2 |     2 |       ||     4
       Demon whip        |       |       |       |   149 |   104 ||   253
 Cast: Sandblast         |    20 |    14 |     7 |     8 |    17 ||    66
       Stone Arrow       |     1 |     2 |    38 |   154 |   237 ||   432
       Petrify           |       |       |     2 |     3 |     8 ||    13
       Lee's Rapid Decon |       |       |     1 |     2 |     6 ||     9
       Summon Demon      |       |       |       |       |     5 ||     5
Invok: Recall Ancestor   |       |       |     2 |     6 |     1 ||     9
       Ancestor Life: Ba |       |       |     1 |       |       ||     1
Evoke: Wand              |       |       |       |       |     5 ||     5
  Use: Scroll            |       |       |       |     2 |    28 ||    30
       Potion            |       |       |       |     1 |     7 ||     8
 Stab: Sleeping          |     7 |     7 |    10 |    15 |     3 ||    42
       Distracted        |       |       |     1 |     2 |       ||     3
       Petrified         |       |       |     1 |       |       ||     1
  Eat: Chunk             |       |     5 |    13 |    19 |    16 ||    53
       Royal jelly       |       |       |       |     1 |     1 ||     2
Armor: Robe              |    15 |     7 |    37 |    15 |     6 ||    80
       Ring mail         |       |       |       |    52 |       ||    52
       Troll leather arm |       |       |       |    11 |    36 ||    47
       Skin              |       |       |       |       |     2 ||     2
Dodge: Dodged            |    45 |    66 |   137 |   157 |    99 ||   504
Block: Buckler           |       |       |       |    31 |    34 ||    65
